 Dungeon Crawl Stone Soup version 0.20.0-10-g0535bb4 (webtiles) character file.

15946 xgamer67 the Slinger (level 12, -3/77 HPs)
             Began as a Halfling Air Elementalist on June 6, 2017.
             Was an Elder of Nemelex Xobeh.
             Killed from afar by a rime drake (23 damage)
             ... with a flash freeze
             ... on level 3 of the Lair of Beasts.
             The game lasted 00:55:11 (14965 turns).

xgamer67 the Slinger (Halfling Air Elementalist)   Turns: 14965, Time: 00:55:11

Health: -3/77      AC: 13    Str: 11    XL:     12   Next: 64%
Magic:  17/17      EV: 17    Int: 16    God:    Nemelex Xobeh [****..]
Gold:   386        SH:  4    Dex: 18    Spells: 11/14 levels left

rFire    + . .     SeeInvis .   a - +0 dagger (elec)
rCold    . . .     Gourm    .   (shield restricted)
rNeg     . . .     Faith    .   Q - +2 ring mail {rF+}
rPois    .         Spirit   .   (no helmet)
rElec    .         Reflect  +   P - +0 cloak
rCorr    .         Harm     .   F - +0 pair of gloves
MR       +....                  q - +1 pair of boots
Stlth    +++++.....             g - +4 amulet of reflection
Regen    0.3/turn               O - +3 ring of intelligence
MPRegen  0.2/turn               e - ring of protection from magic

@: lethally poisoned (-3 -> -4), about to teleport, very slightly contaminated
A: mutation resistance 1
a: Triple Draw, Deal Four, Renounce Religion


You were on level 3 of the Lair of Beasts.
You worshipped Nemelex Xobeh.
Nemelex Xobeh was greatly pleased with you.
You were not hungry.

You visited 2 branches of the dungeon, and saw 12 of its levels.
You also visited: Volcano.

You collected 542 gold pieces.
You spent 156 gold pieces at shops.

Inventory:

Hand Weapons
 a - a +0 dagger of electrocution (weapon)
 b - a +0 hunting sling
 Y - a +2 short sword of flaming
Missiles
 m - 279 stones (quivered)
 J - 3 needles of sleeping
 R - 104 sling bullets
Armour
 q - a +1 pair of boots (worn)
 F - a +0 pair of gloves (worn)
 P - a +0 cloak (worn)
 Q - a +2 ring mail of fire resistance (worn)
Jewellery
 e - a ring of protection from magic (right hand)
 g - a +4 amulet of reflection (around neck)
 B - an uncursed ring of ice
 O - a +3 ring of intelligence (left hand)
Wands
 k - a wand of paralysis (15/24)
 A - a wand of lightning (0/15)
 H - a wand of digging (24/24)
 L - a wand of disintegration (0/24)
 Z - a wand of acid (4/15)
Scrolls
 d - a scroll of magic mapping
 i - 2 scrolls of recharging
 n - 7 scrolls of remove curse
 r - a scroll of enchant weapon {unknown}
 s - 2 scrolls of fear
 v - a scroll of immolation {unknown}
 y - a scroll of summoning {unknown}
 C - 5 scrolls of enchant armour
 U - a scroll of fog
Potions
 h - 6 potions of lignification {unknown}
 l - 2 potions of berserk rage {unknown}
 t - 2 potions of haste
 u - 2 potions of curing
 x - 2 potions of might
 G - a potion of ambrosia
 I - 3 potions of agility {unknown}
 M - a potion of flight
 S - a potion of cancellation {unknown}
 T - a potion of mutation {unknown}
 W - a potion of brilliance {unknown}
Miscellaneous
 w - a legendary deck of summoning
 K - an ornate deck of destruction {drawn: 1}
 X - a legendary deck of escape {the Elixir, left: 4}
Comestibles
 c - 4 bread rations
 j - 2 meat rations
 o - 2 chunks of flesh
 p - 22 fruits


   Skills:
 - Level 5.0 Fighting
 + Level 9.0 Short Blades
 - Level 12.0 Slings
 - Level 7.0 Armour
 - Level 7.0 Dodging
 - Level 12.0 Stealth
 - Level 1.5 Spellcasting
 - Level 0.7 Conjurations
 - Level 2.3 Charms
 - Level 3.0 Air Magic
 - Level 7.1 Invocations


You had 11 spell levels left.
You knew the following spells:

 Your Spells              Type           Power        Failure   Level  Hunger
a - Shock                 Conj/Air       #...         22%         1    ##.....
D - Swiftness             Chrm/Air       #.......     24%         2    ###....


Dungeon Overview and Level Annotations

Branches:
Dungeon (9/15)             Temple (0/1) D:5            Lair (3/6) D:8
 Spider (0/4) Lair:2
  Swamp: Lair:2-4    Shoals: Lair:2-4       Orc: D:9-12

Altars:
Ashenzari
Cheibriados
Dithmenos
Fedhas
Gozag
Makhleb
Nemelex Xobeh
Okawaru
Qazlal
Trog
Uskayaw
Vehumet
Zin
The Shining One

Shops:
D:7 !

Annotations:
D:9 salade2fruit's ghost, journeyman BaTm
Lair:1 exclusion: 2 spiny frogs


Innate Abilities, Weirdness & Mutations

You are small and have problems with some larger weapons.
You are somewhat resistant to further mutation.


Message History

You are encased in ice.
You hit the rime drake.
Lightning courses through the rime drake!
You kill the rime drake!
Your Short Blades skill increases to level 9!
Okay, then.
As you read the scroll of teleportation, it crumbles to dust.
You feel strangely unstable.
You feel sick.
The rime drake bites you but does no damage.
Okay, then.
The ice encasing you melts away. The rime drake breathes ice at you.
The flash freeze reflects off an invisible shield around you!
The flash freeze hits the rime drake.
The rime drake partially resists.
The rime drake is flash-frozen.
You feel sick. The rime drake breathes ice at you. The flash freeze hits you!
You die...
Your body glows with a rainbow of weird colours and disappears.

...## #.....# *,,,..*
..#####.....###,,,..###
..###.#.....#.##,,,.#.##
.†##....#.##...##,##...##
#.#.....###.....#*#.....#
#.#.....# #.....# #.†!..#
#.#.....###.....###†.†..#**
#.#....##.#.....#.##F.H.#,**
#...#.##....#.##@.kH#.##...#*
#...###.....###.....###,,.y$#
#...# #..#..# #..#..# *,,,.}#
....###.....###.....#**,,,,!#
.†..#.#.....#.#....##,*,,,,*#
#.#.....#.#.....#.##,,,,*,**
#.#.....###.....###,,,,,***
..#.....# #.....# *,,*,,*
..#.....#*#.....#**,,,,,*


You could see a manticore (wandering), a hippogriff, a spiny frog and a rime
drake.

Vanquished Creatures
  A mana viper (Lair:3)
  2 elephants (Lair:3)
  2 molten gargoyles (Volcano)
  5 spiny frogs
  A rime drake (Lair:3)
  A komodo dragon (Lair:1)
  A troll (D:8)
  A queen bee (Lair:3)
  Grinder (D:3)
  3 hippogriffs
  5 blink frogs
  2 redbacks (Lair:2)
  8 yaks
  2 wyverns (Lair:3)
  7 water moccasins
  5 porcupines
  A black bear (Lair:1)
  An orc warrior (D:6)
  An ice beast (D:7)
  A hornet zombie (D:6)
  10 wolves
  2 ogres
  8 crocodiles
  6 bullfrogs
  An earth elemental (Volcano)
  A wyvern zombie (D:8)
  16 killer bees (Lair:3)
  3 wights (D:6)
  A howler monkey (D:4)
  A crimson imp (D:9)
  3 hounds
  2 jellies
  2 orc wizards (D:4)
  Crazy Yiuf (D:2)
  A bullfrog skeleton (D:8)
  3 iguanas
  2 worker ants
  A hound skeleton (D:7)
  A howler monkey zombie (D:6)
  A worker ant zombie (D:5)
  A howler monkey skeleton (D:4)
  5 adders
  2 shadow imps
  An adder zombie (D:7)
  5 worms
  2 dart slugs (D:2)
  10 orcs
  5 bats
  A giant cockroach (D:2)
  5 hobgoblins
  7 jackals
  4 quokkas
  2 ball pythons
  5 frilled lizards
  3 goblins
  3 kobolds
  A leopard gecko skeleton (D:4)
  6 rats
  A fire vortex (Volcano)
186 creatures vanquished.

Vanquished Creatures (collateral kills)
  Gastronok (D:8)
  3 spiny frogs
  A komodo dragon (D:8)
  A hornet (D:8)
  3 blink frogs (Lair:1)
  A raiju (Lair:1)
  2 redbacks (Lair:2)
  2 fire elementals (Volcano)
  7 yaks
  Eustachio (D:6)
  A porcupine (Lair:1)
  A sky beast (D:5)
  A black bear (D:8)
  An ogre (D:5)
  3 wolves
  A crocodile (Lair:1)
  2 bullfrogs (Lair:1)
  An earth elemental (Volcano)
  2 killer bees (D:6)
  A scorpion (D:5)
  A jelly (D:5)
  An orc wizard (D:4)
  2 iguanas (D:5)
  An adder (D:6)
  2 orcs (D:6)
  A hobgoblin (D:6)
  A goblin (D:3)
  A quokka skeleton (D:6)
  2 fire vortices (Volcano)
48 creatures vanquished.

Vanquished Creatures (others)
  A fire bat (Lair:1)
  5 fungi
  3 plants
9 creatures vanquished.

Grand Total: 243 creatures vanquished

Notes
Turn   | Place    | Note
-------+----------+-------------------------------------------
     0 | D:1      | xgamer67 the Halfling Air Elementalist began the quest for the Orb.
     0 | D:1      | Reached XP level 1. HP: 11/11 MP: 3/3
   490 | D:1      | Reached XP level 2. HP: 17/17 MP: 4/4
   513 | D:1      | Learned a level 2 spell: Swiftness
   969 | D:2      | Found a sparkling altar of Nemelex Xobeh.
   973 | D:2      | Became a worshipper of Nemelex Xobeh the Trickster
   981 | D:2      | Received a gift from Nemelex Xobeh
  1144 | D:2      | Reached XP level 3. HP: 13/21 MP: 5/5
  1433 | D:2      | Found a runed door.
  1888 | D:3      | Reached * piety under Nemelex Xobeh
  1895 | D:3      | Found a stormy altar of Qazlal.
  1935 | D:3      | Found an opulent altar of Gozag.
  2046 | D:3      | Noticed Grinder
  2315 | D:3      | Reached skill level 1 in Charms
  2474 | D:4      | Reached skill level 1 in Slings
  2474 | D:4      | Reached XP level 4. HP: 10/27 MP: 6/6
  2736 | D:4      | Reached ** piety under Nemelex Xobeh
  2895 | D:4      | Found a glowing golden altar of the Shining One.
  2903 | D:4      | Found an iron altar of Okawaru.
  2905 | D:4      | Found a sparkling altar of Nemelex Xobeh.
  3097 | D:4      | Received a gift from Nemelex Xobeh
  3193 | D:5      | Entered Level 5 of the Dungeon
  3227 | D:5      | Reached XP level 5. HP: 31/31 MP: 7/7
  3393 | D:5      | Found a staircase to the Ecumenical Temple.
  3418 | D:5      | Noticed a sky beast
  3422 | D:5      | Killed a sky beast
  3422 | D:5      | Reached skill level 5 in Slings
  3422 | D:5      | Reached XP level 6. HP: 28/36 MP: 8/8
  3449 | D:5      | Noticed an ogre
  3501 | D:5      | Noticed a moth of wrath
  3501 | D:5      | Noticed a water moccasin
  3655 | D:5      | Received a gift from Nemelex Xobeh
  3714 | D:5      | Found a blossoming altar of Fedhas.
  3728 | D:5      | Found a hide-covered altar of Uskayaw.
  3731 | D:5      | Found a shadowy altar of Dithmenos.
  3734 | D:5      | Found a glowing silver altar of Zin.
  3753 | D:5      | Found a burning altar of Makhleb.
  3758 | D:5      | Found a snail-covered altar of Cheibriados.
  4327 | D:6      | Reached skill level 1 in Short Blades
  4364 | D:6      | Reached *** piety under Nemelex Xobeh
  4533 | D:6      | Noticed an orc warrior
  4662 | D:6      | Received a gift from Nemelex Xobeh
  4699 | D:6      | Noticed an ogre
  4757 | D:7      | Found Xiduyrgh's Distillery.
  4777 | D:6      | Killed an ogre
  4777 | D:6      | Reached skill level 5 in Stealth
  4777 | D:6      | Reached XP level 7. HP: 41/41 MP: 9/9
  4800 | D:7      | Found a shattered altar of Ashenzari.
  4847 | D:7      | Bought a potion of might for 52 gold pieces
  4847 | D:7      | Bought a potion of heal wounds for 65 gold pieces
  4847 | D:7      | Bought a potion of flight for 39 gold pieces
  4862 | D:7      | Found an iron altar of Okawaru.
  5116 | D:7      | Reached **** piety under Nemelex Xobeh
  5257 | D:7      | Reached skill level 1 in Invocations
  5658 | D:8      | Noticed a troll
  5667 | D:9      | Received a gift from Nemelex Xobeh
  5675 | D:9      | Noticed salade2fruit's ghost (journeyman BaTm)
  5681 | D:9      | Reached XP level 8. HP: 46/46 MP: 10/10
  6067 | D:5      | Found a bloodstained altar of Trog.
  6396 | D:4      | Received a gift from Nemelex Xobeh
  6558 | D:4      | Reached skill level 5 in Invocations
  6622 | D:4      | Found a radiant altar of Vehumet.
  6766 | D:4      | Reached skill level 1 in Fighting
  7162 | D:6      | Noticed Eustachio
  7178 | D:6      | Killed Eustachio
  7178 | D:6      | Reached XP level 9. HP: 57/57 MP: 12/12
  7282 | D:8      | Found a staircase to the Lair.
  7283 | D:8      | Noticed a komodo dragon
  7306 | D:8      | Killed a komodo dragon
  7312 | D:8      | Killed a troll
  7312 | D:8      | Reached skill level 5 in Fighting
  7335 | D:8      | Noticed Gastronok
  7348 | D:8      | Killed Gastronok
  7403 | D:8      | Received a gift from Nemelex Xobeh
  7426 | D:8      | Noticed a hornet
  7437 | D:8      | Killed a hornet
  7749 | D:8      | Noticed a hippogriff
  7769 | D:8      | Killed a hippogriff
  7769 | D:8      | Reached XP level 10. HP: 37/66 MP: 13/13
  8250 | D:6      | Reached skill level 10 in Slings
  8546 | D:3      | Killed Grinder
  8546 | D:3      | Reached skill level 10 in Stealth
  8626 | D:2      | Noticed Crazy Yiuf
  8630 | D:2      | Killed Crazy Yiuf
  8900 | Lair:1   | Entered Level 1 of the Lair of Beasts
  9006 | Lair:1   | Noticed a komodo dragon
  9498 | Lair:1   | Killed a komodo dragon
  9556 | Lair:1   | Noticed a spiny frog
  9576 | Lair:1   | Killed a spiny frog
  9576 | Lair:1   | Reached skill level 1 in Armour
  9962 | Lair:1   | Reached XP level 11. HP: 60/71 MP: 14/14
  9990 | Lair:1   | Reached skill level 5 in Dodging
 10264 | Lair:1   | Reached skill level 5 in Armour
 10324 | Lair:1   | Received a gift from Nemelex Xobeh
 11060 | Lair:2   | Reached ***** piety under Nemelex Xobeh
 11060 | Lair:2   | Received a gift from Nemelex Xobeh
 11216 | Lair:2   | Found a hole to the Spider Nest.
 11504 | Lair:2   | Noticed a manticore
 11687 | Lair:3   | Found a dark tunnel.
 11693 | Volcano  | Entered a volcano
 11853 | Volcano  | Noticed a lindwurm
 11853 | Volcano  | Noticed a lindwurm
 12645 | Lair:3   | Reached XP level 12. HP: 45/77 MP: 17/17
 13437 | Lair:3   | Reached skill level 5 in Short Blades
 13956 | Lair:2   | Received a gift from Nemelex Xobeh
 14965 | Lair:3   | Killed from afar by a rime drake

Skill      XL: |  1  2  3  4  5  6  7  8  9 10 11 12 |
---------------+-------------------------------------+-----
Stealth        | 3 4 5 6 7 9 10 11 12 | 12.0
Charms         | 1 2 |  2.3
Slings         | 1 3 5 6 9 12 | 12.0
Short Blades   | 2 3 9 |  9.0
Invocations    | 2 5 7 |  7.1
Fighting       | 3 5 |  5.0
Armour         | 4 7 |  7.0
Dodging        | 4 7 |  7.0
Spellcasting   | |  1.5
Conjurations   | |  0.7
Air Magic      | |  3.0

Action                   |  1- 3 |  4- 6 |  7- 9 | 10-12 || total
-------------------------+-------+-------+-------+-------++-------
Melee: Unarmed           |    23 |       |       |       ||    23
       Dagger            |   100 |    23 |   239 |   674 ||  1036
 Fire: Hunting sling     |       |     7 |    16 |   174 ||   197
 Cast: Shock             |     4 |       |       |       ||     4
Invok: Stack Five        |       |       |       |     1 ||     1
Evoke: Deck              |       |     5 |    12 |    45 ||    62
       Wand              |       |       |       |     8 ||     8
  Use: Scroll            |       |     5 |    11 |     7 ||    23
       Potion            |       |       |       |     6 ||     6
 Stab: Sleeping          |     9 |     4 |     3 |     8 ||    24
       Distracted        |       |       |     1 |     4 ||     5
       Invisible         |       |       |       |     8 ||     8
  Eat: Chunk             |     3 |     3 |    11 |    19 ||    36
       Bread ration      |       |     1 |       |       ||     1
       Royal jelly       |       |       |       |     2 ||     2
Armor: Leather armour    |    27 |     6 |     4 |       ||    37
       Robe              |     4 |       |       |       ||     4
       Ring mail         |       |       |    67 |   195 ||   262
Dodge: Dodged            |    99 |    14 |   109 |   366 ||   588
Block: Other             |       |       |    29 |    96 ||   125
       Reflection        |       |       |       |     1 ||     1
